 Dungeon Crawl Stone Soup version 0.30-a0-385-gfebfb9b408 (webtiles) character file.

Game seed: 5600687656242222881

32137 qeuew the Covert (level 13, -7/59 HPs)
             Began as a Spriggan Hunter on Dec 2, 2022.
             Was a High Priest of Nemelex Xobeh.
             Mangled by a cane toad (14 damage)
             ... on level 4 of the Lair of Beasts.
             The game lasted 00:30:53 (13852 turns).

qeuew the Covert (Spriggan Hunter)                 Turns: 13852, Time: 00:30:53

Health: -7/59      AC: 12    Str:  6    XL:     13   Next: 29%
Magic:  28/28      EV: 20    Int: 10    God:    Nemelex Xobeh [*****.]
Gold:   1112       SH:  0    Dex: 27    Spells: 27/32 levels left

rFire   + + .      SeeInvis +    z - +2 arbalest (drain)
rCold   . . .      Faith    .    (shield currently unavailable)
rNeg    + . .      Spirit   .    e - +3 swamp dragon scales "Kemeavu" {rPois rN+ Slay+3}
rPois   +          Reflect  .    (helmet restricted)
rElec   .          Harm     .    (no cloak)
rCorr   .          Rampage  .    (gloves unavailable)
Will    ++...                    (boots unavailable)
Stlth   ++++++....               (no amulet)
HPRegen 0.29/turn                f - ring of protection from fire
MPRegen 0.21/turn                l - ring of protection from fire

@: lethally poisoned (-7 -> -23), very quick
A: very small, no large weapons, unfitting armour, see invisible, speed 3,
talons 1, agile 1, shaggy fur 1
a: Renounce Religion, Draw Escape, Draw Destruction, Draw Summoning, Triple
Draw, Deal Four, Stack Five


You were on level 4 of the Lair of Beasts.
You worshipped Nemelex Xobeh.
Nemelex Xobeh was extremely pleased with you.
You visited 3 branches of the dungeon, and saw 16 of its levels.
You also visited: Ossuary and Bailey.

You collected 1112 gold pieces.

Inventory:

Hand Weapons
 a - a +0 shortbow of draining
 k - a +1 dagger of speed
 z - a +2 arbalest of draining (weapon)
Missiles
 c - a throwing net
Armour
 e - the +3 swamp dragon scales "Kemeavu" (worn) {rPois rN+ Slay+3}
   (You acquired it on level 4 of the Dungeon)

   Slay:      It affects your accuracy & damage with ranged weapons and melee
   (+3).
   rPois:     It protects you from poison.
   rN:        It protects you from negative energy.
Jewellery
 f - a ring of protection from fire (left hand)
 l - a ring of protection from fire (right hand)
 m - a ring of poison resistance
Wands
 i - a wand of polymorph (11)
 n - a wand of flame (70)
 A - a wand of light (2)
 B - a wand of digging (5)
Scrolls
 g - 5 scrolls of enchant armour
 j - 3 scrolls of fog
 o - 4 scrolls of teleportation
 s - a scroll of fear
 x - 3 scrolls of identify
 y - a scroll of amnesia
 C - a scroll of silence
 D - a scroll of poison
Potions
 d - 3 potions of invisibility
 h - 5 potions of resistance
 p - 4 potions of berserk rage
 q - a potion of mutation
 r - 9 potions of heal wounds
 t - 7 potions of might
 u - 6 potions of haste
 v - a potion of flight
 w - 2 potions of brilliance


   Skills:
 + Level 2.5 Fighting
 + Level 6.6 Short Blades
 * Level 9.9 Ranged Weapons
 - Level 4.0 Armour
 + Level 8.3 Dodging
 * Level 14.0 Stealth
 * Level 10.0 Spellcasting
 + Level 4.5 Summonings
 * Level 11.6 Translocations
 * Level 8.2 Invocations
 + Level 7.5 Evocations


You had 27 spell levels left.
You knew the following spells:

 Your Spells              Type           Power      Damage    Failure   Level
a - Summon Forest         Summ/Tloc      10%        N/A       43%         5

Your spell library contained the following spells:

 Spells                   Type           Power      Damage    Failure   Level
 Apportation              Tloc           56%        N/A       1%          1
 Passage of Golubria      Tloc           28%        N/A       4%          4
 Summon Small Mammal      Summ           56%        N/A       8%          1
 Foxfire                  Conj/Fire      20%        2x1d5     43%         1
 Kiss of Death            Conj/Necr      20%        2d7       43%         1
 Necrotise                Necr           20%        1d5       43%         1
 Slow                     Hex            20%        N/A       43%         1
 Ensorcelled Hibernation  Hex/Ice        10%        N/A       58%         2
 Passwall                 Tmut/Erth      4%         N/A       58%         2
 Confusing Touch          Hex            5%         N/A       82%         3
 Swiftness                Air            5%         N/A       82%         3
 Tukima's Dance           Hex            5%         N/A       82%         3
 Dispel Undead            Necr           5%         3d7       99%         4
 Alistair's Intoxication  Tmut/Pois      3%         N/A       100%        5
 Fireball                 Conj/Fire      2%         3d4       100%        5
 Yara's Violent Unravell  Hex/Tmut       2%         3d3       100%        5
 Eringya's Noxious Bog    Tmut/Pois      2%         N/A       100%        6
 Starburst                Conj/Fire      2%         6d3       100%        6
 Summon Hydra             Summ           7%         N/A       100%        7


Dungeon Overview and Level Annotations

Branches:
Dungeon (10/15)            Temple (1/1) D:4            Lair (5/5) D:8
 Shoals (0/4) Lair:2       Spider (0/4) Lair:3        Slime (0/5) Lair:4
    Orc (0/2) D:9         Ossuary (visited)          Bailey (visited)

Altars:
Ashenzari
Cheibriados
Dithmenos
Elyvilon
Fedhas
Hepliaklqana
Kikubaaqudgha
Makhleb
Nemelex Xobeh
Okawaru
Qazlal
Ru
Sif Muna
Uskayaw
Vehumet
Xom
Yredelemnul
The Shining One
Jiyva

Shops:
D:1 *   D:6 ?(!

Annotations:
Lair:1 exclusion: oklob plant
Lair:2 2 transporters
Lair:3 exclusion: oklob plant


Innate Abilities, Weirdness & Mutations

You are very small and have problems with some larger weapons.
You are too small for most types of armour.
You have supernaturally acute eyesight. (SInv)
You cover ground extremely quickly. (Speed+++)
You have sharp toenails.
You are agile. (Dex +4, Str/Int -1)
You are covered in fur. (AC +1)


Message History

* * * LOW HITPOINT WARNING * * *
You are lethally poisoned!
The cane toad poisons you!
You climb upwards.
* * * LOW HITPOINT WARNING * * *
You feel very sick.
There is a stone staircase leading down here.
Okay, then.
Welcome back, qeuew the Spriggan Hunter.
Nemelex Xobeh says: It's all in the cards!
Press ? for a list of commands and other information.
You feel better. The cane toad closely misses you.
The cane toad seems less drained.
Fire: z) +2 arbalest (drain)
Press: ? - help, Q - select action, (/) - cycle Shift-Dir - straight line, f - cane toad
Aim: a cane toad (73% to hit)
You shoot a bolt. The bolt closely misses the cane toad.
Unknown command.
Fire: z) +2 arbalest (drain)
Press: ? - help, Q - select action, (/) - cycle Shift-Dir - straight line, f/p - cane toad
Aim: a cane toad (73% to hit)
You shoot a bolt. The bolt hits the cane toad.
You drain the cane toad.
The cane toad is lightly wounded.
Unknown command.
Fire: z) +2 arbalest (drain)
Press: ? - help, Q - select action, (/) - cycle Shift-Dir - straight line, f/p - cane toad
Aim: a cane toad (lightly wounded, lightly drained, 73% to hit)
You shoot a bolt. The bolt hits the cane toad.
The cane toad is lightly wounded.
The cane toad closely misses you. The cane toad barely misses you.
Fire: z) +2 arbalest (drain)
Press: ? - help, Q - select action, (/) - cycle Shift-Dir - straight line, f/p - cane toad
Aim: a cane toad (lightly wounded, lightly drained, 73% to hit)
You shoot a bolt. The bolt closely misses the cane toad.
The cane toad stings you!
* * * LOW HITPOINT WARNING * * *
You are lethally poisoned!
The cane toad poisons you! The cane toad stings you!
You die...
Your body glows with a rainbow of weird colours and disappears.

..##...#......#...#
..##...#.........##
...#..........#.^#
..##..........#..##
...#..............#
..#.>.....##..#..##
.......#......#..##
...#..##..##......#
..........##..#.@##
.......#...#....F.#
......##.........##
......##...#......#
......#....#.....##
.......#..##.....##
......#...#...#...#
.......#......#..P#
......##..........#


You could see a cane toad (drained).

Vanquished Creatures
  Josephine (Lair:4)
  2 hydras
  3 death yaks (D:8)
  Sonja (Lair:4)
  An orb spider (Lair:3)
  A lindwurm (Lair:4)
  Joseph (D:8)
  5 black mambas
  A merfolk siren (Lair:2)
  15 cane toads
  5 komodo dragons
  4 polar bears
  Prince Ribbit (D:7)
  15 blink frogs
  5 wraiths
  11 yaks
  5 wyverns
  4 basilisks
  A steam dragon (D:8)
  A warg (D:9)
  12 water moccasins
  Duvessa (D:7)
  6 orc warriors
  An ice beast (D:7)
  A sky beast (D:7)
  A black bear (D:6)
  14 wolves
  An ogre (D:6)
  4 centaurs
  2 kobold brigands
  15 bullfrogs
  A scorpion (D:4)
  2 gnoll sergeants (D:9)
  3 wights (D:10)
  A howler monkey (D:4)
  2 jellies
  A gnoll bouda (D:6)
  4 orc priests
  2 iguanas
  8 orc wizards
  2 hell rats (D:8)
  8 mummies (Ossuary)
  21 gnolls
  3 adders
  4 river rats
  A shadow imp (D:5)
  A white imp (D:5)
  A worm (D:2)
  3 dart slugs
  52 orcs
  4 bats
  6 endoplasms
  7 giant cockroaches
  10 goblins
  6 hobgoblins
  9 quokkas
  4 ball pythons
  3 frilled lizards
  A hobgoblin zombie (Ossuary)
  18 kobolds
  3 kobold zombies (Ossuary)
  4 orc zombies (Ossuary)
  12 rats
348 creatures vanquished.

Vanquished Creatures (collateral kills)
  An ice dragon (Lair:5)
  A blink frog (Lair:1)
  A wraith (Lair:3)
  A yak (Lair:1)
  A water moccasin (Lair:1)
  A wolf (Lair:2)
  Dowan (D:7)
7 creatures vanquished.

Vanquished Creatures (others)
  19 fungi
  98 plants
117 creatures vanquished.

Grand Total: 472 creatures vanquished

Notes
Turn   | Place    | Note
-------+----------+-------------------------------------------
     0 | D:1      | qeuew the Spriggan Hunter began the quest for the Orb.
     0 | D:1      | Reached XP level 1. HP: 10/10 MP: 2/2
    72 | D:1      | Reached skill level 2 in Stealth
    99 | D:1      | Reached XP level 2. HP: 14/14 MP: 3/3
   286 | D:1      | Reached skill level 3 in Stealth
   643 | D:1      | Found Cadonugu's General Store.
   663 | D:1      | Reached XP level 3. HP: 17/18 MP: 4/4
  1406 | D:2      | Reached skill level 1 in Short Blades
  1409 | D:2      | Reached XP level 4. HP: 10/23 MP: 5/5
  1804 | D:3      | Reached skill level 4 in Stealth
  2389 | D:4      | Noticed a scorpion
  2397 | D:4      | Killed a scorpion
  2398 | D:4      | Reached skill level 1 in Spellcasting
  2398 | D:4      | Reached XP level 5. HP: 22/26 MP: 5/7
  2404 | D:4      | Learned a level 5 spell: Summon Forest
  2814 | D:4      | Reached skill level 5 in Ranged Weapons
  2932 | D:4      | Reached skill level 1 in Translocations
  2991 | D:4      | Found a staircase to the Ecumenical Temple.
  3294 | Temple   | Entered the Ecumenical Temple
  3344 | Temple   | Became a worshipper of Nemelex Xobeh the Trickster
  3446 | D:4      | Identified a scroll of acquirement
  3446 | D:4      | Acquired the +3 swamp dragon scales "Kemeavu" {rPois rN+
                  | Slay+3}
  3479 | D:5      | Entered Level 5 of the Dungeon
  3501 | D:5      | Reached XP level 6. HP: 30/30 MP: 9/9
  3543 | D:5      | Got Starting the Arcane Arts
  3778 | D:5      | Reached skill level 5 in Stealth
  4070 | D:5      | Gained mutation: You have hidden genetic defects. [potion
                  | of mutation]
  4070 | D:5      | Gained mutation: Your mind is acute. (Int +4, Str/Dex -1)
                  | [potion of mutation]
  4071 | D:5      | Lost mutation: You have hidden genetic defects. [potion of
                  | mutation]
  4071 | D:5      | Lost mutation: Your mind is acute. (Int +4, Str/Dex -1)
                  | [potion of mutation]
  4071 | D:5      | Gained mutation: You have hidden genetic potential. [potion
                  | of mutation]
  4071 | D:5      | Gained mutation: You have sharp toenails. [potion of
                  | mutation]
  4120 | D:6      | Found Wiacuk's Distillery.
  4148 | D:6      | Reached skill level 1 in Evocations
  4158 | D:6      | Reached skill level 1 in Invocations
  4158 | D:6      | Reached XP level 7. HP: 21/35 MP: 11/11
  4175 | D:6      | Found Kojoh's Antique Weapon Shop.
  4218 | D:6      | Reached * piety under Nemelex Xobeh
  4253 | D:6      | Found Kosogug's Magic Scroll Shop.
  4255 | D:6      | Received a gift from Nemelex Xobeh
  4269 | D:6      | Reached skill level 1 in Summonings
  4276 | D:6      | Gained mutation: You are covered in fur. (AC +1) [hidden
                  | potential]
  4474 | D:6      | Found a sand-covered staircase.
  4482 | Ossuary  | Entered an ossuary
  4585 | Ossuary  | Reached skill level 1 in Armour
  4945 | D:7      | Reached skill level 6 in Stealth
  5058 | D:7      | Found a sacrificial altar of Ru.
  5078 | D:7      | Reached ** piety under Nemelex Xobeh
  5218 | D:7      | Reached XP level 8. HP: 39/39 MP: 12/14
  5393 | D:7      | Noticed Prince Ribbit
  5399 | D:7      | Killed Prince Ribbit
  5463 | D:7      | Noticed Dowan
  5465 | D:7      | Noticed Duvessa
  5471 | D:7      | Killed Duvessa
  5474 | D:7      | Killed Dowan
  5946 | D:7      | Reached skill level 5 in Dodging
  6096 | D:8      | Received a gift from Nemelex Xobeh
  6123 | D:8      | Reached skill level 7 in Stealth
  6188 | D:8      | Noticed a death yak
  6223 | D:8      | Noticed Joseph
  6235 | D:8      | Killed Joseph
  6236 | D:8      | Reached skill level 5 in Translocations
  6236 | D:8      | Reached XP level 9. HP: 25/42 MP: 16/16
  6362 | D:8      | Reached *** piety under Nemelex Xobeh
  6468 | D:8      | Noticed a death yak
  6472 | D:8      | Noticed a death yak
  6631 | D:8      | Found a staircase to the Lair.
  6643 | D:8      | Killed a death yak
  6644 | D:8      | Reached skill level 8 in Stealth
  6644 | D:8      | Reached skill level 5 in Spellcasting
  6650 | D:8      | Killed a death yak
  6650 | D:8      | Killed a death yak
  6651 | D:8      | Reached skill level 9 in Stealth
  6651 | D:8      | Reached XP level 10. HP: 18/46 MP: 17/19
  6663 | D:8      | Gained mutation: You are agile. (Dex +4, Str/Int -1)
                  | [hidden potential]
  6663 | D:8      | Lost mutation: You have hidden genetic potential. [hidden
                  | potential expressed]
  6674 | D:8      | Identified the +1 long sword of the Yoke {flame, rC++
                  | Str-5}
  6749 | D:8      | Found a hazy altar of Hepliaklqana.
  6755 | D:8      | Found a basalt altar of Yredelemnul.
  6755 | D:8      | Found a radiant altar of Vehumet.
  6755 | D:8      | Found a stormy altar of Qazlal.
  6757 | D:8      | Found a shadowy altar of Dithmenos.
  6758 | D:8      | Found a broken altar of Ashenzari.
  6760 | D:8      | Found a glowing golden altar of the Shining One.
  6930 | D:8      | Found a flagged portal.
  6946 | Bailey   | Entered a bailey
  7643 | D:8      | Reached skill level 5 in Short Blades
  7643 | D:8      | Reached skill level 11 in Stealth
  7643 | D:8      | Reached skill level 5 in Invocations
  7643 | D:8      | Reached skill level 5 in Evocations
  7643 | D:8      | Reached XP level 11. HP: 50/50 MP: 19/23
  7899 | D:9      | Received a gift from Nemelex Xobeh
  8028 | D:9      | Found a staircase to the Orcish Mines.
  8758 | D:10     | Entered Level 10 of the Dungeon
  8818 | Lair:1   | Entered Level 1 of the Lair of Beasts
  9125 | Lair:1   | Found a shimmering blue altar of Sif Muna.
  9126 | Lair:1   | Noticed an oklob plant
  9292 | Lair:1   | Noticed a seven-headed hydra
  9314 | Lair:1   | Killed a seven-headed hydra
  9315 | Lair:1   | Reached skill level 12 in Stealth
  9455 | Lair:1   | Reached **** piety under Nemelex Xobeh
  9460 | Lair:1   | Received a gift from Nemelex Xobeh
 10418 | Lair:2   | Found a transporter.
 10424 | Lair:2   | Found a transporter.
 10430 | Lair:2   | Noticed a green ugly thing
 10436 | Lair:2   | Noticed a hell hog
 10448 | Lair:2   | Reached XP level 12. HP: 54/54 MP: 25/25
 10633 | Lair:2   | Received a gift from Nemelex Xobeh
 10774 | Lair:2   | Reached skill level 10 in Translocations
 10967 | Lair:2   | Found a staircase to the Shoals.
 11479 | Lair:3   | Reached skill level 13 in Stealth
 11649 | Lair:3   | Reached ***** piety under Nemelex Xobeh
 11983 | Lair:3   | Found a hole to the Spider Nest.
 12337 | Lair:4   | Noticed Sonja
 12343 | Lair:4   | Killed Sonja
 12387 | Lair:4   | Noticed Josephine
 12530 | Lair:4   | Killed Josephine
 12628 | Lair:4   | Noticed an eight-headed hydra
 12639 | Lair:4   | Killed an eight-headed hydra
 13074 | Lair:4   | Found a staircase to the Slime Pits.
 13075 | Lair:4   | Received a gift from Nemelex Xobeh
 13075 | Lair:4   | Found a viscous altar of Jiyva.
 13168 | Lair:4   | Reached XP level 13. HP: 52/58 MP: 27/27
 13486 | Lair:5   | Entered Level 5 of the Lair of Beasts
 13770 | Lair:5   | Reached skill level 10 in Spellcasting
 13799 | Lair:5   | Reached skill level 14 in Stealth
 13852 | Lair:4   | Mangled by a cane toad

Illustrated notes

Levels and vault maps discovered:
D:1:      lightli_arrival_chessboard, layout_basic, serial_shops,
          nicolae_shop_hallway_stairs
D:2:      wad_woods_tower, layout_loops_ring, minmay_rat_gold_closets
D:3:      layout_basic
D:4:      layout_basic, temple_hall_moat
D:5:      layout_loops_cross, minmay_misc_feat_hallway
D:6:      layout_cave_pools, serial_shops, nicolae_diamond_shop,
          nicolae_shop_crystal, shop, chequers_ossuary_entry_cave
D:7:      layout_basic, mainiacjoe_overflow_paths, serial_aquarium,
          aquarium_bridge_long_joined [aquarium_subvault_wall,
          aquarium_subvault_wall, aquarium_subvault_bridge,
          aquarium_subvault_bridge, aquarium_subvault_window,
          aquarium_subvault_window], aquarium_window_2, aquarium_window_3,
          aquarium_view_2c, aquarium_view_2e, aquarium_pool_split,
          uniq_prince_ribbit1, uniq_duvessa
D:8:      layout_loops_ring, minitemple, dpeg_lair_monsters, enter_bailey_7,
          uniq_joseph
D:9:      layout_small_grid, erik_orc_3, minmay_fractal_squares_gapless_5
D:10:     layout_rooms, grunt_temple_overflow_cloverleaf, serial_shops,
          kennysheep_little_box, nicolae_island_escapes
Temple:   chequers_temple_sunken
Lair:1:   layout_loops_ring, lemuel_oklob_altar, lemuel_fruit_fields
Lair:2:   layout_hall_layers, minmay_shoals_entry_lonely_mermaid,
          gammafunk_ghost_abyssal_escape, st_stairs_5, beast_lair_carwin_11,
          infiniplex_staircase_pool, serial_bayou_shore_b
Lair:3:   layout_chaotic_city, nicolae_spider_entry_orb_guardian,
          minmay_lair_oklob_bushes
Lair:4:   layout_long_grid, slime_entry_1, beast_lair_carwin_6, uniq_sonja,
          uniq_josephine
Lair:5:   minmay_lair_end_frog_pond, layout_regular_city,
          nicolae_quartered_pool_super

Skill      XL: |  1  2  3  4  5  6  7  8  9 10 11 12 13 |
---------------+----------------------------------------+-----
Stealth        | 2 3 4 5 6 7 9 11 12 13 14 | 14.0
Dodging        | 3 4 5 6 7 8 |  8.3
Short Blades   | 1 2 3 4 5 6 |  6.6
Fighting       | 2 |  2.5
Spellcasting   | 1 2 3 4 5 7 8 9 10 | 10.0
Ranged Weapons | 5 6 7 8 9 |  9.9
Translocations | 1 2 3 5 6 8 9 11 | 11.6
Evocations     | 1 2 3 4 5 6 7 |  7.5
Invocations    | 1 2 3 4 5 6 7 8 |  8.2
Summonings     | 1 2 3 4 |  4.5
Armour         | 1 2 3 4 |  4.0

Action                   |  1- 3 |  4- 6 |  7- 9 | 10-12 | 13-15 || total
-------------------------+-------+-------+-------+-------+-------++-------
Melee: Dagger            |       |       |       |    38 |       ||    38
       Kick              |       |       |       |     8 |       ||     8
 Fire: Shortbow          |   110 |   100 |   227 |   262 |       ||   699
       Arbalest          |       |       |       |   210 |    82 ||   292
Invok: Draw Summoning    |       |       |     2 |     5 |     1 ||     8
       Draw Destruction  |       |       |    10 |    20 |     3 ||    33
Evoke: Wand              |       |       |       |     2 |       ||     2
  Use: Scroll            |     7 |    10 |     5 |     9 |       ||    31
       Potion            |     1 |     4 |       |     4 |     1 ||    10
 Stab: Sleeping          |       |       |       |    15 |       ||    15
Armor: Robe              |       |     1 |       |       |       ||     1
       Swamp dragon scal |       |    11 |    38 |    79 |    13 ||   141
Dodge: Dodged            |    31 |    46 |    93 |   402 |    69 ||   641

Table legend: (Time is in decaauts)
 A = Elapsed time spent in this place.
 B = Non-inter-level travel time spent in this place.
 C = Inter-level travel time spent in this place.
 D = Time resting spent in this place.
 E = Time spent auto-exploring this place.
 F = Levels seen in this place.
 G = Mean time per level.
                   A        B        C        D        E       F      G
               +--------+--------+--------+--------+--------+-----+--------+
         Total |  10214 |   9665 |    549 |      0 |   7328 |  18 |  567.4 |
       Dungeon |   5604 |   5142 |    462 |      0 |   3851 |  10 |  560.4 |
        Temple |     50 |     41 |      9 |      0 |      0 |   1 |   50.0 |
          Lair |   4016 |   3939 |     77 |      0 |   3113 |   5 |  803.2 |
       Ossuary |    166 |    166 |      0 |      0 |     69 |   1 |  166.0 |
        Bailey |    375 |    375 |      0 |      0 |    294 |   1 |  375.0 |
               +--------+--------+--------+--------+--------+-----+--------+

Top non-repeatable levels by time:
  Lair:1: 1059 daAuts
  Lair:4: 1012 daAuts
     D:9: 871 daAuts
  Lair:2: 826 daAuts
     D:7: 824 daAuts
     D:4: 797 daAuts
  Lair:3: 797 daAuts
     D:8: 764 daAuts
     D:1: 712 daAuts
     D:2: 527 daAuts
     D:6: 457 daAuts
     D:5: 398 daAuts
  Bailey: 375 daAuts
  Lair:5: 321 daAuts
     D:3: 246 daAuts
